 Dungeon Crawl Stone Soup version 0.30.1-11-g7821555f0a (webtiles) character file.

Game seed: 210902501997799707

855 lonewolfV2 the Sluggish Ant (level 8, -10/60 HPs)
             Began as a Formicid Fighter on Nov 14, 2023.
             Was an Initiate of Cheibriados.
             Killed from afar by Dowan (14 damage)
             ... with a stone arrow
             ... on level 5 of the Dungeon.
             The game lasted 00:07:01 (4618 turns).

lonewolfV2 the Sluggish Ant (Formicid Fighter)      Turns: 4618, Time: 00:07:02

Health: -10/60     AC: 14    Str: 22    XL:     8   Next: 21%
Magic:  7/12       EV:  8    Int:  9    God:    Cheibriados [......]
Gold:   230        SH:  6    Dex: 16    Spells: 7/7 levels left

rFire   . . .        a - +1 war axe
rCold   . . .        c - +1 buckler
rNeg    . . .        o - +0 plate armour
rPois   .            (helmet unavailable)
rElec   .            g - +0 cloak
rCorr   .            (no gloves)
SInv    +            k - +1 pair of boots
Will    .....        (no amulet) Stlth
                     (no ring)
HPRegen 0.30/turn    (no ring)
MPRegen 0.13/turn

%: no passive effects
@: very slow
A: permanent stasis, dig shafts and tunnels, antennae 3, four strong arms
a: Dig, Shaft Self, Renounce Religion


You were on level 5 of the Dungeon.
You worshipped Cheibriados.
Cheibriados was noncommittal.
You visited 2 branches of the dungeon, and saw 6 of its levels.

You collected 230 gold pieces.

Inventory:

Hand Weapons
 a - a +1 war axe (weapon)
Armour
 c - a +1 buckler (worn)
 g - a +0 cloak (worn)
 k - a +1 pair of boots (worn)
 o - a +0 plate armour (worn)
Scrolls
 j - a scroll of silence
 m - 2 scrolls of noise
 r - a scroll of vulnerability
Potions
 e - a potion of attraction
 f - 2 potions of flight
 h - 2 potions of brilliance
 i - a potion of degeneration
 n - 2 potions of haste
 s - a potion of berserk rage


   Skills:
 - Level 4.2 Fighting
 - Level 2.0 Axes
 - Level 3.2 Armour
 * Level 5.5 Dodging
 - Level 4.0 Shields
 + Level 6.5 Invocations


You had 7 spell levels left.
You didn't know any spells.
Your spell library contained the following spells:

 Spells                   Type           Power      Damage    Failure   Level
 Apportation              Tloc           0%         N/A       100%        1
 Magic Dart               Conj           0%         1d3       100%        1
 Necrotise                Necr           0%         1d4       100%        1
 Summon Small Mammal      Summ           0%         N/A       100%        1
 Searing Ray              Conj           0%         2d4       100%        2
 Dazzling Flash           Conj/Hex       0%         N/A       100%        3
 Volatile Blastmotes      Fire/Tloc      0%         2d10      100%        3
 Fulminant Prism          Conj/Hex       0%         3d5       100%        4
 Iskenderun's Mystic Bla  Conj/Tloc      0%         2d3       100%        4
 Starburst                Conj/Fire      0%         6d3       100%        6


Dungeon Overview and Level Annotations

Branches:
Dungeon (5/15)             Temple (1/1) D:4

Altars:
Ashenzari
Cheibriados
Dithmenos
Fedhas
Gozag
Hepliaklqana
Kikubaaqudgha
Okawaru
Qazlal
Sif Muna
Trog
Vehumet
Wu Jian
Xom
Yredelemnul
Zin
The Shining One

Annotations:
D:5 Dowan


Innate Abilities, Weirdness & Mutations

You cannot be hasted, slowed, berserked, paralysed or teleported.
You can dig through walls and to a lower floor.
You have a pair of large antennae on your head. (SInv)
Your four strong arms can wield two-handed weapons with a shield.


Message History

You hit Dowan.
Dowan is lightly wounded.
Your resistance to elements expires.
Dowan casts a spell.
Dowan blinks!
The flow of time bends around you. Dowan completely misses you.
You hit Dowan.
Dowan is moderately wounded.
You block Dowan's attack. x2
You closely miss Dowan.
Dowan is moderately wounded.
Dowan shakes with grief.
Dowan closely misses you. You block Dowan's attack.
You hit Dowan but do no damage.
Dowan is moderately wounded.
Dowan barely misses you. Dowan hits you but does no damage.
The flow of time bends around you.
Cheibriados rebukes Dowan.
Dowan seems to slow down.
You can no longer bend time to slow others.
Cheibriados lowers the support of your attributes as your movement quickens.
Dowan hits you but does no damage.
You completely miss Dowan.
Dowan is moderately wounded.
Dowan barely misses you.
You closely miss Dowan.
Dowan is moderately wounded.
Dowan hits you but does no damage. Dowan gestures at you while chanting.
The shard of ice hits you.
* * * LOW HITPOINT WARNING * * *
You slash Dowan!
Dowan is severely wounded.
Dowan hits you with a +0 dagger.
* * * LOW HITPOINT WARNING * * *
You hit Dowan.
Dowan is almost dead.
Dowan casts a spell at you. The stone arrow hits you!
You die...

..# ### ... #.#
### #.# ..# #.##
#.#### ...
...>.# #.#
#.##.# ######.#
#.##.###
#...@e.#
#....>.#
#.####......#
####.#.######.##
#......#
.....#.........#
#........
#############.##
#...).... ###
#........
###...... .####.


You could see Dowan (fast, slow).

Vanquished Creatures
  Sigmund (D:2)
  Duvessa (D:5)
  Edmund (D:5)
  A centaur (D:5)
  A howler monkey (D:5)
  A hound (D:5)
  A jelly (D:5)
  Crazy Yiuf (D:2)
  Jessica (D:3)
  2 iguanas
  Robin (D:2)
  9 adders
  An ufetubus (D:4)
  A worm (D:2)
  4 dart slugs
  5 orcs
  7 endoplasms
  3 giant cockroaches
  9 hobgoblins
  5 jackals
  7 kobolds
  2 quokkas
  10 ball pythons
  6 bats
  3 frilled lizards
  15 goblins
  4 rats (D:1)
103 creatures vanquished.

Notes
Turn   | Place    | Note
-------+----------+-------------------------------------------
     0 | D:1      | lonewolfV2 the Formicid Fighter began the quest for the
                  | Orb.
     0 | D:1      | Reached XP level 1. HP: 18/18 MP: 1/1
   110 | D:1      | Reached skill level 1 in Invocations
   110 | D:1      | Reached XP level 2. HP: 24/24 MP: 2/2
   186 | D:1      | Reached skill level 1 in Dodging
   367 | D:1      | Reached XP level 3. HP: 29/29 MP: 4/4
   372 | D:1      | Reached skill level 2 in Invocations
   914 | D:2      | Noticed Robin
   916 | D:2      | Reached XP level 4. HP: 25/35 MP: 5/5
  1028 | D:2      | Killed Robin
  1029 | D:2      | Reached skill level 3 in Invocations
  1206 | D:2      | Noticed Sigmund
  1218 | D:2      | Killed Sigmund
  1219 | D:2      | Reached skill level 4 in Invocations
  1219 | D:2      | Reached XP level 5. HP: 16/41 MP: 6/8
  1219 | D:2      | Reached XP level 6. HP: 19/47 MP: 6/9
  1326 | D:2      | Found a faded altar of an unknown god.
  1496 | D:2      | Found a runed translucent door.
  1497 | D:2      | Noticed Crazy Yiuf
  2079 | D:2      | Killed Crazy Yiuf
  2560 | D:3      | Reached skill level 5 in Invocations
  2775 | D:3      | Found a glowing silver altar of Zin.
  2856 | D:3      | Noticed Jessica
  2859 | D:3      | Killed Jessica
  2941 | D:3      | Reached XP level 7. HP: 54/54 MP: 10/10
  3462 | D:4      | Found a staircase to the Ecumenical Temple.
  3474 | Temple   | Entered the Ecumenical Temple
  3774 | Temple   | Became a worshipper of Cheibriados the Contemplative
  4474 | D:5      | Entered Level 5 of the Dungeon
  4572 | D:5      | Noticed Edmund
  4574 | D:5      | Noticed Duvessa
  4579 | D:5      | Noticed Dowan
  4592 | D:5      | Killed Edmund
  4593 | D:5      | Reached skill level 6 in Invocations
  4600 | D:5      | Killed Duvessa
  4601 | D:5      | Reached skill level 5 in Dodging
  4601 | D:5      | Reached XP level 8. HP: 8/60 MP: 12/12
  4604 | D:5      | Reached * piety under Cheibriados
  4618 | D:5      | Killed from afar by Dowan

Illustrated notes

Levels and vault maps discovered:
D:1:      dpeg_chamrin_arrival_tetris, layout_loops_ring, minmay_bisected
D:2:      layout_loops_cross, hellmonk_ecumenical_altar_dog_temple,
          grunt_decor_cap, minmay_misc_feat_ornament, minmay_crystal_room,
          grunt_decor_mini_mirrors, minmay_misc_feat_doors,
          uniq_crazy_yiuf_cottage, uniq_sigmund, uniq_robin
D:3:      layout_basic, zin_academy, hex_large, uniq_jessica
D:4:      layout_basic, minmay_temple_entry_trees
D:5:      minmay_chambers_of_threes, layout_loops_cross, uniq_ijyb,
          uniq_duvessa, uniq_edmund
Temple:   minmay_temple_bridge_d

Skill      XL: |  1  2  3  4  5  6  7 |
---------------+----------------------+-----
Invocations    | 1 2 4 5 6 |  6.5
Dodging        | 1 2 3 5 |  5.5
Fighting       | 4 |  4.2
Axes           | |  2.0
Armour         | |  3.2
Shields        | |  4.0

Action                     |  1- 3 |  4- 6 |  7- 9 || total
---------------------------+-------+-------+-------++-------
  Melee: War axe           |    80 |   128 |    97 ||   305
 Invoke: Bend Time         |       |       |     2 ||     2
    Use: Scroll            |     6 |     5 |     6 ||    17
         Potion            |       |     1 |     2 ||     3
 Armour: Scale mail        |    57 |    59 |     3 ||   119
         Plate armour      |       |       |    54 ||    54
  Dodge: Dodged            |    53 |    86 |    39 ||   178
  Block: Buckler           |    32 |    50 |    50 ||   132
